 Dungeon Crawl Stone Soup version 0.30-a0-1043-g60ff8d5f49 (webtiles) character file.

Game seed: 9369848062792121980

28 cheesebisquit the Vexing (level 3, -2/26 HPs)
             Began as a Merfolk Hexslinger on Apr 10, 2023.
             Slain by a worm (10 damage)
             ... on level 2 of the Dungeon.
             The game lasted 00:03:44 (1276 turns).

cheesebisquit the Vexing (Merfolk Hexslinger)       Turns: 1276, Time: 00:03:44

Health: -2/26      AC:  5    Str: 10    XL:     3   Next: 12%
Magic:  0/4        EV: 12    Int: 14    God:
Gold:   15         SH:  0    Dex: 14    Spells: 3/4 levels left

rFire   . . .      SeeInvis .    a - +1 sling
rCold   . . .      Faith    .    (no shield)
rNeg    . . .      Spirit   .    c - +0 robe
rPois   .          Reflect  .    i - +2 helmet
rElec   .          Rampage  .    (no cloak)
rCorr   .                        (no gloves)
Will    .....                    (no boots)
Stlth   +                        (no amulet)
HPRegen 0.24/turn                (no ring)
MPRegen 0.09/turn                (no ring)

@: very slightly contaminated
A: (nimble swimmer 2), mertail
a: no special abilities


You were on level 2 of the Dungeon.
You visited 1 branch of the dungeon, and saw 2 of its levels.

You collected 15 gold pieces.

Inventory:

Hand Weapons
 a - a +1 sling (weapon)
 f - a +1 dagger of venom
Armour
 c - a +0 robe (worn)
 i - a +2 helmet (worn)
Scrolls
 b - a scroll of poison
 d - 4 scrolls of identify {unknown}
 e - a scroll of amnesia {unknown}
 h - a scroll of enchant weapon {unknown}
 j - a scroll of teleportation {unknown}
Potions
 g - 2 potions of mutation {unknown}
 k - a potion of curing {unknown}


   Skills:
 - Level 1.1 Fighting
 - Level 1.5 Ranged Weapons
 - Level 2.6 Dodging
 + Level 1.3 Spellcasting
 + Level 4.0 Hexes


You had 3 spell levels left.
You knew the following spells:

 Your Spells              Type           Power      Damage    Failure   Level
a - Slow                  Hex            48%        N/A       4%          1

Your spell library contained the following spells:

 Spells                   Type           Power      Damage    Failure   Level
 Inner Flame              Hex/Fire       6%         N/A       32%         3
 Portal Projectile        Hex/Tloc       12%        N/A       32%         3
 Cigotuvi's Dreadful Rot  Necr/Pois/Air  0%         N/A       36%         2
 Cause Fear               Hex            6%         N/A       43%         4
 Dispel Undead            Necr           0%         3d6       95%         4
 Death Channel            Necr           0%         N/A       100%        6


Dungeon Overview and Level Annotations

Branches:
Dungeon (2/15)

Altars:


Innate Abilities, Weirdness & Mutations

((You are very nimble when in or above water. (Stealth+, EV+, Speed+++)))
Your lower body shifts to a powerful aquatic tail in water.


Message History

You shoot a sling bullet. The sling bullet hits the worm.
The worm is moderately wounded.
The worm bites you.
You shoot a sling bullet. The sling bullet hits the worm.
The worm is heavily wounded.
The worm bites you.
You shoot a sling bullet. The sling bullet hits the worm.
The worm is heavily wounded.
The worm bites you.
You are too injured to fight recklessly!
Aiming: Slow (safe; 4% risk of failure)
Press: ? - help, Q - select action, (/) - cycle Shift-Dir - straight line, f/p - worm
Aim: a worm (heavily wounded, chance to affect: 54%)
You miscast Slow.
You are very lightly contaminated with residual magic.
Nothing appears to happen.
Aiming: Slow (safe; 4% risk of failure)
Press: ? - help, Q - select action, (/) - cycle Shift-Dir - straight line, f/p - worm
Aim: a worm (heavily wounded, chance to affect: 54%)
The worm resists with significant effort.
The worm bites you!
* * * LOW HITPOINT WARNING * * *
Aiming: Slow (safe; 4% risk of failure)
Press: ? - help, Q - select action, (/) - cycle Shift-Dir - straight line, f/p - worm
Aim: a worm (moderately wounded, chance to affect: 54%)
The worm resists with significant effort.
The worm closely misses you.
You don't have enough magic to cast this spell.
You don't have enough magic to cast this spell.
You are too injured to fight recklessly!
You shoot a sling bullet.
The sling bullet barely misses the worm.
You shoot a sling bullet. The sling bullet hits the worm!
The worm is severely wounded.
The worm barely misses you.
Okay, then.
You shoot a sling bullet. The sling bullet hits the worm.
The worm is almost dead.
The worm bites you!
You die...

# #.##.....<....♣♣~P ...
..#.##.#..†...♣P♣ ~~
#..###.#.##.#...#[#♣~~~ .
#......#.##.#.#.#........
#..#.#.#.#....#.#.#....~.
#........#..###.#....♣.P.
.#.######....#...#......#.###~~~P
..wh..h##....#...#<###########♣P~
.#w###†##.)..#.w@.÷.........# ~
#.##......###.########.#
#.##..........# #.w..........##
#..#..######.# #..#### #.# #...
#.# ..... #. ##.####


You could see a worm.

Vanquished Creatures
  2 dart slugs (D:1)
  2 ball pythons
  2 bats
  A giant cockroach (D:1)
  4 goblins (D:1)
  4 hobgoblins
  3 jackals
  2 frilled lizards
20 creatures vanquished.

Notes
Turn   | Place    | Note
-------+----------+-------------------------------------------
     0 | D:1      | cheesebisquit the Merfolk Hexslinger began the quest for
                  | the Orb.
     0 | D:1      | Reached XP level 1. HP: 15/15 MP: 2/2
   339 | D:1      | Reached XP level 2. HP: 21/21 MP: 1/3
  1088 | D:2      | Reached skill level 4 in Hexes
  1136 | D:2      | Reached XP level 3. HP: 26/26 MP: 0/4
  1276 | D:2      | Slain by a worm

Illustrated notes

Levels and vault maps discovered:
D:1:      amcnicky_arrival_double_pillar, layout_basic
D:2:      layout_basic, serial_bayou, serial_bayou_ford_a, serial_bayou_shore_a,
          serial_bayou_pond_d, serial_bayou_pond_a, kennysheep_generic_room_5

Skill      XL: |  1  2 |
---------------+-------+-----
Hexes          | 4 |  4.0
Fighting       | |  1.1
Ranged Weapons | |  1.5
Dodging        | |  2.6
Spellcasting   | |  1.3

Action                     || total
---------------------------++-------
   Fire: Sling             ||    72
   Cast: Slow              ||    28
 Armour: Robe              ||    21
  Dodge: Dodged            ||    42

Table legend: (Time is in decaauts)
 A = Elapsed time spent in this place.
 B = Non-inter-level travel time spent in this place.
 C = Inter-level travel time spent in this place.
 D = Time resting spent in this place.
 E = Time spent auto-exploring this place.
 F = Levels seen in this place.
 G = Mean time per level.
                   A        B        C        D        E       F      G
               +--------+--------+--------+--------+--------+-----+--------+
         Total |   1301 |   1254 |     47 |      0 |   1051 |   2 |  650.5 |
       Dungeon |   1301 |   1254 |     47 |      0 |   1051 |   2 |  650.5 |
               +--------+--------+--------+--------+--------+-----+--------+

Top non-repeatable levels by time:
     D:1: 1143 daAuts
     D:2: 157 daAuts
